[Event "*** Titled Tuesday Blitz"]
[Site "Chess.com"]
[Date "2020.11.03"]
[Round "2"]
[White "Flopezin"]
[Black "Baby_Legs"]
[Result "0-1"]
[WhiteElo "2362"]
[BlackElo "2679"]
[TimeControl "180+1"]
[EndTime "10:18:59 PST"]
[Termination "Baby_Legs won by resignation"]

1. c4 e6 2. Nf3 d5 3. e3 Nf6 4. b3 Bd6 5. Bb2 b6 6. g3 O-O 7. Bg2 Ba6 8. d3 Nbd7 9. Nc3 Qe7 10. O-O c6 11. Re1 Rfd8 12. Qc2 Rac8 13. Rad1 Bb7 14. d4 a6 15. e4 dxe4 16. Nxe4 Nxe4 17. Qxe4 Nf6 18.
Qe2 c5 19. dxc5 Bxc5 20. Ne5 Bxg2 21. Kxg2 Qb7+ 22. Qf3 Qxf3+ 23. Kxf3 Kf8 24. Nd3 Nd7 25. Nxc5 Nxc5 26. Ba3 Ke8 27. Bxc5 Rxc5 28. Rxd8+ Kxd8 29. Ke4 f6 30. Kd4 Kd7 31. f4 Kd6 32. Rc1 Ra5 33. Rc2 g5 34. fxg5 Rxg5 35. Rf2 f5 36. Re2 h5 37. b4 Rg4+ 38. Kd3 h4 39. gxh4 Rxh4 40. a4 Rh3+ 41. Kc2 e5 42. Rd2+ Kc7 43. c5 bxc5 44. bxc5 Kc6 45. Rd6+ Kxc5 46. Rxa6 Rxh2+ 47. Kd3 Rh3+ 48. Ke2 Ra3 49. Rf6 f4 50. Re6 Kd5 51. Ra6 Ke4 52. a5 Ra2+ 53. Kd1 Ke3 54. Ra8 e4 55. a6 f3 56. a7 f2 0-1

[Event "*** Titled Tuesday Blitz"]
[Site "Chess.com"]
[Date "2020.11.03"]
[Round "2"]
[White "ckgchess"]
[Black "ljuks68"]
[Result "0-1"]
[WhiteElo "2659"]
[BlackElo "2369"]
[TimeControl "180+1"]
[EndTime "10:19:01 PST"]
[Termination "ljuks68 won by resignation"]

1. d4 d5 2. Nf3 Nf6 3. Bf4 c5 4. e3 Nc6 5. Nbd2 Qb6 6. dxc5 Qxc5 7. c4 e6 8. a3 Be7 9. b4 Qb6 10. c5 Qd8 11. Bb5 O-O 12. O-O Bd7 13. Nb3 Ne4 14.
Rc1 a6 15. Bxc6 Bxc6 16. Na5 f6 17. Nd4 Qd7 18. Ndxc6 bxc6 19. Qa4 Rfc8 20. Rfd1 e5 21. Bg3 Qe6 22. f3 Nxg3 23. hxg3 f5 24. Kf2 Bg5 25.
Rc3 f4 26. gxf4 exf4 27. exf4 Bxf4 28. g3 Be5 29. Rcd3 Qh6 30. Kg2 Qg6 31. f4 Bxf4 32.
Rf3 Be5 33. Re1 Bd4 34. Re7 Rf8 35. Qd1 Rxf3 36. Qxf3 Rf8 37. Qe2 Rf2+ 38. Qxf2 Bxf2 39. Rb7 Qxg3+ 0-1

[Event "*** Titled Tuesday Blitz"]
[Site "Chess.com"]
[Date "2020.11.03"]
[Round "2"]
[White "BabyFacedAssasin"]
[Black "Miss_JJ20"]
[Result "1-0"]
[WhiteElo "2248"]
[BlackElo "2424"]
[TimeControl "180+1"]
[EndTime "10:19:01 PST"]
[Termination "BabyFacedAssasin won on time"]

1. e4 e6 2. d4 d5 3. Nc3 Bb4 4.
e5 c5 5. a3 Bxc3+ 6. bxc3 Ne7 7. Qg4 cxd4 8. Qxg7 Rg8 9. Qxh7 Qc7 10. Kd1 dxc3 11. Nf3 Nbc6 12. Ng5 Rf8 13. f4 Bd7 14. Bd3 Nd4 15. Be3 Ndf5 16. Bf2 Ba4 17. g4 Ng6 18. gxf5 Nxf4 19. fxe6 O-O-O 20. e7 Qxe7 21. Qf5+ Ne6 22. Bh4 Qd7 23. Nh7 Rde8 24. Nxf8 Rxf8 25. Rf1 Rh8 26. Bg3 Rf8 27. Rb1 a6 28. Rb4 Bc6 29. h4 d4 30. h5 Rg8 31. Bh2 Kb8 32. Qxf7 Qxf7 33. Rxf7 Rg2 34. Bf4 Rf2 35. Ke1 Rxf4 36. Rxf4 Nxf4 37. h6 Nxd3+ 38. cxd3 c2 39. Kd2 1-0

[Event "*** Titled Tuesday Blitz"]
[Site "Chess.com"]
[Date "2020.11.03"]
[Round "2"]
[White "MasterKroket"]
[Black "HanSchut"]
[Result "1-0"]
[WhiteElo "2421"]
[BlackElo "2208"]
[TimeControl "180+1"]
[EndTime "10:19:01 PST"]
[Termination "MasterKroket won by resignation"]

1. d4 Nf6 2. c4 g6 3. Nc3 d5 4.
cxd5 Nxd5 5. e4 Nxc3 6. bxc3 Bg7 7. Be3 c5 8. Qd2 Qa5 9. Nf3 Nc6 10. Rb1 a6 11. Rc1 cxd4 12. cxd4 Qxd2+ 13. Kxd2 O-O 14. d5 Rd8 15. Bd3 Nb4 16. Bb1 e6 17. Bb6 Rd7 18.
a3 exd5 19. axb4 dxe4+ 20. Ke2 exf3+ 21. Kxf3 Rd6 22. Bc5 Rf6+ 23. Ke2 Bf5 24. Bxf5 Rxf5 25. Rhd1 Bf8 26. Rd7 Bxc5 27. bxc5 Rc8 28. Rxb7 Rfxc5 29. Rxc5 Rxc5 30. Ra7 Ra5 31. g3 Kg7 32. h4 h5 33. Kf3 Ra1 34. Ke3 a5 35. Kf3 a4 36.
Ra6 a3 37. Ke3 Kf8 38. Ra7 Ke8 39. Kf3 Kd8 40. Rxf7 Kc8 41. Ra7 Kb8 42. Ra4 Kb7 43.
Kf4 Kb6 44. Kg5 Kb5 45. Ra8 Kb4 46. Kxg6 Rf1 47. Kxh5 Rxf2 48. g4 Rc2 49. g5 Rc5 50.
Rxa3 Kxa3 51. Kh6 Rc4 52. h5 Kb4 53. g6 1-0

[Event "*** Titled Tuesday Blitz"]
[Site "Chess.com"]
[Date "2020.11.03"]
[Round "2"]
[White "Synctel"]
[Black "Xeniya2005"]
[Result "0-1"]
[WhiteElo "2000"]
[BlackElo "2373"]
[TimeControl "180+1"]
[EndTime "10:19:01 PST"]
[Termination "Xeniya2005 won on time"]

1. e4 e6 2. d4 d5 3. Nd2 c5 4.
Ngf3 cxd4 5. Nxd4 Nc6 6. Nxc6 bxc6 7. Bd3 Bd6 8. Qe2 Qc7 9. Nf3 Ne7 10. e5 Bc5 11. O-O Ng6 12. c4 Bd7 13. a3 a5 14. Bd2 O-O 15. b4 axb4 16. axb4 dxc4 17. Bxg6 Bxf2+ 18. Qxf2 fxg6 19. Rxa8 Rxa8 20. Ng5 Qd8 21.
Qf7+ Kh8 22. Ne4 c5 23. Bg5 Qc8 24. Nxc5 Bb5 25. Nxe6 Qg8 26. Qxg8+ Kxg8 27. Rc1 Rc8 28. Nc5 Ra8 29. e6 Ra2 30. Bd8 Bc6 31. e7 Rxg2+ 32. Kf1 Rg4 0-1

[Event "*** Titled Tuesday Blitz"]
[Site "Chess.com"]
[Date "2020.11.03"]
[Round "2"]
[White "MF1966Idrisov"]
[Black "Anton_Demchenko"]
[Result "0-1"]
[WhiteElo "2350"]
[BlackElo "2844"]
[TimeControl "180+1"]
[EndTime "10:19:02 PST"]
[Termination "Anton_Demchenko won on time"]

1. Nf3 Nf6 2. b3 g6 3. Bb2 Bg7 4. c4 O-O 5. g3 d6 6. d4 Nbd7 7. Bg2 e5 8. dxe5 dxe5 9. Nc3 e4 10. Ng5 e3 11. fxe3 Ng4 12. Nh3 Nxe3 13. Qd3 Nxg2+ 14. Kf2 Nh4 15. gxh4 Qxh4+ 16. Qg3 Qxg3+ 17. hxg3 c6 18. Na4 Ne5 19. Rad1 Re8 20. Bxe5 Bxe5 21. Nf4 Bg4 22. Nc5 Bxf4 23. gxf4 Rxe2+ 24. Kg3 h5 25. Nxb7 Re3+ 26. Kh4 Bxd1 27. Rxd1 Rae8 28. Nd6 Rd8 29. c5 Rc3 30. b4 a5 31. bxa5 Rxc5 32. a6 Ra8 33. Ne4 Rf5 34. Rf1 Rxa6 35. Nd6 Rd5 36. Ne8 Rda5 37. Nd6 Rxa2 38.
f5 Rd2 39. Ne8 Ra8 40. fxg6 fxg6 41. Nf6+ Kg7 0-1

[Event "*** Titled Tuesday Blitz"]
[Site "Chess.com"]
[Date "2020.11.03"]
[Round "2"]
[White "Pelopidass"]
[Black "Vi_Los"]
[Result "1-0"]
[WhiteElo "2595"]
[BlackElo "2326"]
[TimeControl "180+1"]
[EndTime "10:19:02 PST"]
[Termination "Pelopidass won by resignation"]

1. d4 Nf6 2. Nf3 d5 3. c4 e6 4.
Nc3 Bb4 5. e3 O-O 6. Bd3 dxc4 7.
Bxc4 c5 8. O-O Nc6 9. a3 Ba5 10.
dxc5 Bxc3 11. bxc3 Qa5 12. Qe2 Qxc5 13. a4 Qh5 14.
Nd4 Qxe2 15. Bxe2 Bd7 16. Bf3 Rfc8 17. Rb1 Rab8 18. Ba3 Nxd4 19. cxd4 Bc6 20. Bd6 Ra8 21. Rxb7 Nd5 22. Rb2 Bxa4 23. Ra2 Bc6 24. Ra5 Nf6 25. Rfa1 Bxf3 26. gxf3 Ne8 27. Bc5 a6 28. Rxa6 Rxa6 29.
Rxa6 Nf6 30. Ra7 h6 31. Kg2 Nd5 32. h4 Nf6 33. Bd6 Nd5 34. Rb7 Rd8 35. Be5 f6 36.
Bg3 Re8 37. e4 Ne7 38. Bd6 Ng6 39. h5 Nf8 40. f4 Rd8 41. Bc5 Nd7 42. Be7 1-0

[Event "*** Titled Tuesday Blitz"]
[Site "Chess.com"]
[Date "2020.11.03"]
[Round "2"]
[White "mamonika"]
[Black "Terao90"]
[Result "1-0"]
[WhiteElo "2006"]
[BlackElo "2355"]
[TimeControl "180+1"]
[EndTime "10:19:02 PST"]
[Termination "mamonika won by checkmate"]

1. e4 c5 2. Nf3 Nc6 3. d4 cxd4 4. Nxd4 g6 5. c4 Nf6 6. Nc3 d6 7. Be2 Nxd4 8. Qxd4 Bg7 9. Be3 O-O 10. Qd2 a5 11. O-O a4 12. f3 Qa5 13. Rfd1 Be6 14.
Nd5 Nxd5 15. cxd5 Bd7 16. Rac1 Qxd2 17. Rxd2 Rfc8 18. Rdc2 Rxc2 19. Rxc2 Rc8 20. Rxc8+ Bxc8 21. b3 a3 22. Kf2 Bb2 23. Ke1 e6 24. Kd2 Kf8 25.
dxe6 Bxe6 26. Kc2 d5 27. exd5 Bxd5 28. Bc1 Bxc1 29. Kxc1 Ke7 30. Kc2 Kd6 31. Kc3 Ke5 32. Kb4 Kf4 33. Kxa3 Ke3 34. Bc4 Bxc4 35. bxc4 Kf2 36.
Kb4 Kxg2 37. a4 Kxf3 38. c5 g5 39. c6 bxc6 40. a5 g4 41. a6 h5 42. a7 h4 43.
a8=Q g3 44. Qxc6+ Kf2 45. hxg3 hxg3 46. Qf6+ Kg1 47. Qxf7 g2 48. Kc3 Kh2 49. Qh5+ Kg1 50. Kd2 Kf1 51. Qh3 Kf2 52. Qe3+ Kf1 53. Qe1# 1-0

[Event "*** Titled Tuesday Blitz"]
[Site "Chess.com"]
[Date "2020.11.03"]
[Round "2"]
[White "AldokhinIvan"]
[Black "SantoBlue"]
[Result "0-1"]
[WhiteElo "2582"]
[BlackElo "2901"]
[TimeControl "180+1"]
[EndTime "10:19:03 PST"]
[Termination "SantoBlue won by checkmate"]

1. e4 e5 2. Nf3 Nc6 3. Bb5 a6 4. Ba4 Nf6 5. O-O Be7 6. Re1 b5 7. Bb3 O-O 8. d4 d6 9. c3 Bg4 10. d5 Na5 11. Bc2 c6 12. h3 Bh5 13. dxc6 Qc7 14.
Nbd2 Rad8 15. Qe2 Qxc6 16. Nf1 Nb7 17. Bg5 Bg6 18. Ng3 Nc5 19. Nh4 Ne6 20. Nhf5 Qb7 21. Bc1 Rfe8 22. Qf3 Bf8 23. h4 d5 24. h5 dxe4 25.
Nxe4 Nxe4 26. Bxe4 Qd7 27. hxg6 hxg6 28. Ng3 Qc7 29.
a4 b4 30. a5 bxc3 31. bxc3 Bc5 32. Be3 Bxe3 33. Qxe3 Nf4 34. Reb1 Qe7 35. Rb7 Qh4 36. Qa7 Ra8 37. Qb6 Rad8 38. Re1 Re6 39. Qc7 Rf8 40. Bb1 g5 41. Ba2 Rh6 42. Rd1 Qh2+ 43. Kf1 Qh1+ 44. Nxh1 Rxh1# 0-1

[Event "*** Titled Tuesday Blitz"]
[Site "Chess.com"]
[Date "2020.11.03"]
[Round "2"]
[White "doons21"]
[Black "vugarrasulov"]
[Result "1-0"]
[WhiteElo "2590"]
[BlackElo "2860"]
[TimeControl "180+1"]
[EndTime "10:19:03 PST"]
[Termination "doons21 won by resignation"]

1. e4 e5 2. Nf3 Nf6 3. Nc3 Bb4 4. Nxe5 O-O 5. Nd3 Bxc3 6. dxc3 Nxe4 7. Nf4 c6 8. c4 d6 9. Be2 Re8 10. O-O Bf5 11. Bg4 Qd7 12. Bxf5 Qxf5 13. Re1 Nd7 14. Nd3 Ne5 15. f3 Nc5 16. Nxe5 dxe5 17. Be3 Ne6 18. Qe2 b6 19. Rad1 Rad8 20. c3 h5 21. b3 f6 22. a4 Kf7 23. h3 g5 24. Rxd8 Rxd8 25.
Rd1 Ke7 26. Rxd8 Nxd8 27. c5 Qb1+ 28. Kh2 Qxb3 29. cxb6 axb6 30. Qa6 Qxc3 31. Qxb6 Ne6 32. a5 f5 33. a6 f4 34. a7 fxe3 35. a8=Q Qd4 36.
Qbb7+ Qd7 37. Qxc6 Qxc6 38. Qxc6 e2 39. Qe4 Nf4 40.
g3 Nd3 41. Qxe2 1-0

[Event "*** Titled Tuesday Blitz"]
[Site "Chess.com"]
[Date "2020.11.03"]
[Round "2"]
[White "CzechmVIII"]
[Black "Qvalda"]
[Result "0-1"]
[WhiteElo "2150"]
[BlackElo "2407"]
[TimeControl "180+1"]
[EndTime "10:19:03 PST"]
[Termination "Qvalda won on time"]

1. e4 e6 2. d4 d5 3. Nc3 h6 4.
Nf3 Nf6 5. Bd3 Bb4 6. e5 Ne4 7. O-O Nxc3 8. bxc3 Bxc3 9. Rb1 Ba5 10. Ba3 Nc6 11. Qe2 Ne7 12. Qe3 O-O 13. c4 dxc4 14. Bxc4 Bb6 15. Rfd1 Re8 16. Qe4 Bd7 17. Qg4 Bc6 18.
Nd2 Qxd4 19. Qxd4 Bxd4 20. Nf3 Bb6 21. Bb5 Bxf3 22. gxf3 c6 23. Bxe7 Rxe7 24. Be2 Rd8 25. Rxd8+ Bxd8 26. Rd1 Bc7 27. f4 g5 28. fxg5 hxg5 29.
h4 gxh4 30. f4 Kg7 31. Kg2 f6 32. exf6+ Kxf6 33. Kf3 Rg7 34. Rh1 Rg3+ 35. Kf2 Bb6+ 36. Ke1 h3 37. Bc4 Rf3 38. Bb3 Kf5 39. Ke2 Re3+ 40. Kd2 Kxf4 41. Rf1+ Rf3 42. Rxf3+ Kxf3 43. Bxe6 h2 0-1

[Event "*** Titled Tuesday Blitz"]
[Site "Chess.com"]
[Date "2020.11.03"]
[Round "2"]
[White "PlotnikovPavel"]
[Black "gumimis"]
[Result "1-0"]
[WhiteElo "2454"]
[BlackElo "2266"]
[TimeControl "180+1"]
[EndTime "10:19:04 PST"]
[Termination "PlotnikovPavel won on time"]

1. e4 c5 2. Nf3 d6 3. d4 cxd4 4.
Nxd4 Nf6 5. Nc3 a6 6. Bg5 e6 7.
f4 h6 8. Bxf6 Qxf6 9. Qd2 Nd7 10. O-O-O g5 11. g3 gxf4 12. gxf4 h5 13. Bg2 Bh6 14.
Rhf1 Nc5 15. Kb1 Bd7 16. a3 O-O-O 17. Qe1 Qg7 18. Bh1 Bc6 19. Nxc6 bxc6 20. Qe2 Kb7 21. Qf2 Rhg8 22. e5 Nd7 23. Rxd6 Nb8 24. Na4 Rxd6 25.
Qb6+ Ka8 26. exd6 Rc8 27. d7 Nxd7 28. Bxc6+ Rxc6 29. Qxc6+ Kb8 30. Qxd7 Qg2 31. Qd6+ Ka7 32. Qc5+ Kb8 33. Qb6+ Kc8 34. Rd1 1-0

[Event "*** Titled Tuesday Blitz"]
[Site "Chess.com"]
[Date "2020.11.03"]
[Round "2"]
[White "Happy1712Drummer"]
[Black "LimeInTheCoconut"]
[Result "0-1"]
[WhiteElo "2199"]
[BlackElo "2416"]
[TimeControl "180+1"]
[EndTime "10:19:04 PST"]
[Termination "LimeInTheCoconut won on time"]

1. f4 e5 2. fxe5 d6 3. exd6 Bxd6 4. Nf3 Nf6 5. d4 Nc6 6. Qd3 Nb4 7. Qb3 Bf5 8. Na3 O-O 9. c3 Nbd5 10. Bg5 h6 11. Bd2 Re8 12. Nc4 Bf4 13. O-O-O b5 14. Nce5 Ne3 15.
Qxf7+ Kh7 16. g3 Rf8 17. Qb3 Bc2 18. Qe6 Re8 19. Qa6 Bxd1 20. gxf4 Nxf1 21. Kxd1 Nxd2 22. Kxd2 Qd5 23. Rf1 Rad8 24. Qa5 c5 25. Kc1 cxd4 26. cxd4 Qe4 27. Qd2 Rc8+ 28. Kd1 Nd5 29. Qd3 Ne3+ 30. Kd2 Nxf1+ 31. Ke1 Rc1+ 32. Kf2 Qxd3 33. Nxd3 Ra1 34.
Nfe5 Nxh2 0-1

[Event "*** Titled Tuesday Blitz"]
[Site "Chess.com"]
[Date "2020.11.03"]
[Round "2"]
[White "Borsuk_Konstantin"]
[Black "dropstoneDP"]
[Result "0-1"]
[WhiteElo "2587"]
[BlackElo "2906"]
[TimeControl "180+1"]
[EndTime "10:19:06 PST"]
[Termination "dropstoneDP won by checkmate"]

1. d4 Nf6 2. c4 g6 3. Nc3 d5 4.
Nf3 Bg7 5. Bg5 c5 6. dxc5 Qa5 7.
Rc1 dxc4 8. Qa4+ Qxa4 9. Nxa4 Ne4 10. Rxc4 Nxg5 11. Nxg5 Nc6 12. a3 h6 13. Nf3 Be6 14.
Rc1 O-O 15. e3 Bb3 16. Nc3 Rac8 17. Be2 Na5 18. Nd4 Rxc5 19. O-O Rd8 20. Ne4 Rxc1 21. Rxc1 Bxd4 22. exd4 Rxd4 23. Nc5 Rd2 24. Bf3 b6 25. Nxb3 Nxb3 26. Rc7 Rxb2 27. h4 e6 28. Rxa7 Nd4 29. Bb7 Kg7 30. g3 Kf6 31. Kg2 Rc2 32. Ra8 Ra2 33.
a4 Nc2 34. Bc6 Ne3+ 35. Kf3 Nd1 36. Be8 Ke7 37. Bc6 f5 38. Kf4 Kf6 39. Bf3 e5# 0-1

[Event "*** Titled Tuesday Blitz"]
[Site "Chess.com"]
[Date "2020.11.03"]
[Round "2"]
[White "Jumbo"]
[Black "AmirBagheri78"]
[Result "0-1"]
[WhiteElo "2844"]
[BlackElo "2583"]
[TimeControl "180+1"]
[EndTime "10:19:06 PST"]
[Termination "AmirBagheri78 won on time"]

1. d4 Nf6 2. c4 e6 3. Nf3 Bb4+ 4. Bd2 c5 5. Bxb4 cxb4 6. g3 Nc6 7. Bg2 d6 8. O-O O-O 9. a3 bxa3 10. Rxa3 e5 11. Nc3 Bg4 12. dxe5 dxe5 13. h3 Bh5 14. Ng5 Nd4 15. g4 Bg6 16. e3 Nc6 17. Qxd8 Rfxd8 18. Rc1 h6 19. Nf3 e4 20. Nh4 Bh7 21. Rb3 b6 22. Nf5 Bxf5 23. gxf5 Re8 24. Rb5 Rac8 25. Rd1 Na5 26.
b3 Rc5 27. Rb1 Ree5 28. b4 Rxb5 29. cxb5 Nc4 30. Rd1 Rxf5 31. Rd8+ Kh7 32. Nxe4 Rxb5 33. Nxf6+ gxf6 34. Rd7 Kg6 35. Rxa7 Rxb4 36. Be4+ f5 37. Bd5 Ne5 38. f4 Rb1+ 39. Kf2 Nd3+ 40. Ke2 Nc5 0-1

[Event "*** Titled Tuesday Blitz"]
[Site "Chess.com"]
[Date "2020.11.03"]
[Round "2"]
[White "MariaFominykh"]
[Black "Karacsonyi_Gellert"]
[Result "0-1"]
[WhiteElo "2325"]
[BlackElo "2669"]
[TimeControl "180+1"]
[EndTime "10:19:06 PST"]
[Termination "Karacsonyi_Gellert won on time"]

1. Nf3 Nf6 2. g3 e6 3. Bg2 d5 4. O-O Be7 5. d3 O-O 6. Nbd2 c5 7. e4 Nc6 8. Re1 b5 9. Qe2 a5 10. e5 Nd7 11. h4 Ba6 12. Nf1 Rc8 13. N1h2 Nd4 14.
Nxd4 cxd4 15. Nf3 Qb6 16. Bg5 Bxg5 17. Nxg5 h6 18. Nf3 b4 19. Rac1 a4 20. b3 axb3 21.
axb3 Rc3 22. Qd2 Rfc8 23. Re2 Bxd3 24. Ree1 Bxc2 25. Nxd4 Rd3 26. Qxd3 Bxd3 27. Rxc8+ Kh7 28. Nf3 Be4 29. Rec1 Bxf3 30. Bxf3 Nxe5 31. Be2 Qd4 32. R8c7 Qb2 33. Bd1 d4 34. f4 Nd3 35. R7c2 Qxc1 36. Rxc1 Nxc1 37. Kf1 g6 38. Ke1 Nd3+ 39. Kd2 Nc5 40. Bc2 h5 41. Bd1 Kg7 42. Bc2 Kf6 43. Bd1 Ke7 44. Bc2 Kd6 45. Bd1 f5 46. Kc2 Ne4 47.
Kd3 Kc5 0-1

[Event "*** Titled Tuesday Blitz"]
[Site "Chess.com"]
[Date "2020.11.03"]
[Round "2"]
[White "PavlovDanila"]
[Black "GM4life"]
[Result "1-0"]
[WhiteElo "2668"]
[BlackElo "2323"]
[TimeControl "180+1"]
[EndTime "10:19:06 PST"]
[Termination "PavlovDanila won by checkmate"]

1. e4 c5 2. Nf3 d6 3. d4 cxd4 4. Nxd4 Nf6 5. Nc3 a6 6. Be3 e5 7. Nb3 Be7 8. Qd2 Be6 9. O-O-O Ng4 10. g3 O-O 11. f4 Nxe3 12. Qxe3 Nc6 13. Kb1 b5 14. f5 Bxb3 15. cxb3 Nd4 16. Bd3 b4 17. Nd5 a5 18. h4 h6 19. Qf2 a4 20. bxa4 Rxa4 21.
g4 Rxa2 22. Kxa2 Qa5+ 23. Kb1 Ra8 24. Nxe7+ Kh8 25. Kc1 b3 26. Bc4 Qb4 27. Bd3 Ra1+ 28.
Bb1 Qa5 29. Nd5 Qa2 30. Nc3 Qa7 31. Rhf1 f6 32. g5 Ra5 33. gxf6 gxf6 34. Qg2 Rc5 35.
Rg1 Rxc3+ 36. bxc3 Qa3+ 37. Kd2 Qb2+ 38. Kd3 Nxf5 39.
Qg8# 1-0

[Event "*** Titled Tuesday Blitz"]
[Site "Chess.com"]
[Date "2020.11.03"]
[Round "2"]
[White "Fischerev7"]
[Black "Ausbildung"]
[Result "0-1"]
[WhiteElo "2417"]
[BlackElo "2252"]
[TimeControl "180+1"]
[EndTime "10:19:06 PST"]
[Termination "Ausbildung won by checkmate"]

1. e4 e5 2. Nf3 Nc6 3. Bb5 a6 4. Ba4 Nf6 5. O-O b5 6. Bb3 d6 7.
Re1 Be7 8. c3 O-O 9. h3 Nb8 10. d4 Nbd7 11. Nbd2 c5 12. Nf1 Qc7 13. Ng3 Re8 14. a4 Rb8 15. axb5 axb5 16. Bg5 Nf8 17. Nh4 Be6 18. Bxe6 fxe6 19. dxe5 dxe5 20. Qc2 Red8 21. Ra6 Rb6 22. Ra5 Qd7 23. Be3 Rb7 24. Nf3 Qc7 25.
Rea1 N8d7 26. Ra6 Rb6 27. Ra7 Rb7 28. R7a6 Nb6 29. Qb3 c4 30. Qxb5 Nbd7 31. Qc6 Qxc6 32. Rxc6 Nf8 33. Nxe5 Rxb2 34. Nxc4 Rc2 35. Ne5 N6d7 36.
Nf3 Bf6 37. Ra3 Ne5 38. Nxe5 Bxe5 39. c4 h5 40. h4 Bxg3 41. fxg3 Rd1+ 42. Kh2 Re1 43.
Rd3 Ree2 44. g4 Rxg2+ 45. Kh3 hxg4# 0-1

[Event "*** Titled Tuesday Blitz"]
[Site "Chess.com"]
[Date "2020.11.03"]
[Round "2"]
[White "redbaron8888"]
[Black "DrVelja"]
[Result "1-0"]
[WhiteElo "2527"]
[BlackElo "2771"]
[TimeControl "180+1"]
[EndTime "10:19:08 PST"]
[Termination "redbaron8888 won by resignation"]

1. d4 Nf6 2. Bg5 Ne4 3. h4 c5 4.
dxc5 Na6 5. Nd2 Naxc5 6. e3 d5 7. Ngf3 f6 8. Bf4 e5 9. Bh2 a6 10. Nxe4 Nxe4 11. Nd2 Nxd2 12. Qxd2 Be6 13. Be2 Be7 14.
O-O-O Qb6 15. g4 O-O 16. f4 exf4 17. Bxf4 Rac8 18. g5 Rc6 19. Bd3 Bb4 20. Qg2 f5 21. g6 h6 22. Rh2 Be7 23. Bg5 hxg5 24. hxg5 Qxe3+ 25. Kb1 Qxg5 26. Qh3 Qxg6 27. Rg2 Qh7 28. Qe3 d4 29. Qf3 Rc5 30. Re2 Bd5 31. Qf2 Be4 32. Qxd4 Bxd3 33. Qxd3 Bf6 34. Qb3+ Kh8 35. Qxb7 Qh5 36.
Rh1 Qxh1+ 37. Qxh1+ Kg8 38. Qe1 Rb5 39. c3 f4 40. Re8 f3 41. Qe6+ Kh7 42. Rxf8 f2 43. Qh3+ Kg6 44. Qg2+ 1-0

[Event "*** Titled Tuesday Blitz"]
[Site "Chess.com"]
[Date "2020.11.03"]
[Round "2"]
[White "crazy_but_lazy"]
[Black "GM_Huschenbeth"]
[Result "0-1"]
[WhiteElo "2439"]
[BlackElo "2320"]
[TimeControl "180+1"]
[EndTime "10:19:08 PST"]
[Termination "GM_Huschenbeth won by resignation"]

1. d4 Nf6 2. c4 e6 3. Nf3 Bb4+ 4.
Nbd2 O-O 5. a3 Be7 6. e4 d6 7. Bd3 Nbd7 8. b3 e5 9. d5 a5 10. Bb2 Re8 11. Qc2 Nc5 12. b4 axb4 13. axb4 Rxa1+ 14. Bxa1 Nxd3+ 15. Qxd3 c6 16. O-O cxd5 17. cxd5 Qb6 18. Rb1 Bd7 19. Nc4 Bb5 20. Nfd2 Qa6 21. Qb3 Rc8 22. Na3 Ba4 23. Qe3 b5 24. h3 Bd8 25.
Bb2 Bb6 26. Qe2 g6 27. Kh1 Qa7 28. f4 Nh5 29. Qf3 Nxf4 30. Rc1 Rxc1+ 31. Bxc1 Be3 32. Nb3 Bxc1 33. Nxc1 Qd4 34. Ne2 Nxe2 35. Qxe2 Qa1+ 36. Kh2 Qxa3 37. Qf2 Kg7 38. h4 Qxb4 39. h5 Qxe4 40. h6+ Kxh6 41. Qd2+ Qf4+ 0-1

[Event "*** Titled Tuesday Blitz"]
[Site "Chess.com"]
[Date "2020.11.03"]
[Round "2"]
[White "Iball95"]
[Black "tptagain"]
[Result "0-1"]
[WhiteElo "2607"]
[BlackElo "2955"]
[TimeControl "180+1"]
[EndTime "10:19:09 PST"]
[Termination "tptagain won by resignation"]

1. d4 d6 2. e4 Nf6 3. Nc3 g6 4.
Be3 Bg7 5. Qd2 a6 6. Bh6 Bxh6 7.
Qxh6 Nc6 8. Nf3 Bg4 9. O-O-O Bxf3 10. gxf3 e6 11. e5 Nh5 12. f4 dxe5 13. fxe5 Qh4 14.
d5 exd5 15. Nxd5 O-O-O 16. f4 Rxd5 17. Rxd5 Qxf4+ 18. Qxf4 Nxf4 19. Rd2 Nxe5 20. Rf2 g5 21. h4 f6 22. Bh3+ Kb8 23. Bf5 h6 24. Re1 c6 25.
Re3 Kc7 26. c3 Rd8 27. Kc2 a5 28. Re1 Kb6 29. Rh1 Nc4 30. Kc1 Ne3 31. Bc2 Re8 32.
b3 Ng4 33. Rd2 Re3 34. Kb2 Ne5 35. hxg5 hxg5 36. Rh7 g4 37. Rg7 g3 38. a4 g2 39.
Rdxg2 Nxg2 40. Rxg2 Rf3 41. Rg7 f5 42. Rg8 f4 43. Rf8 Rf2 44. Kc1 Nd7 45. Rf7 Nc5 46. Rf5 Ne6 47. b4 axb4 48. a5+ Ka7 49. cxb4 Rxc2+ 0-1

[Event "*** Titled Tuesday Blitz"]
[Site "Chess.com"]
[Date "2020.11.03"]
[Round "2"]
[White "Oleksandr_Bortnyk"]
[Black "GMTalks_Youtube"]
[Result "1-0"]
[WhiteElo "2923"]
[BlackElo "2601"]
[TimeControl "180+1"]
[EndTime "10:19:09 PST"]
[Termination "Oleksandr_Bortnyk won by checkmate"]

1. e4 e5 2. Nf3 Nc6 3. d4 exd4 4. Nxd4 Bc5 5. Be3 Qf6 6. c3 Nge7 7. Bb5 Bb6 8. a4 O-O 9. O-O a6 10. Bc4 Ne5 11. Be2 d5 12. f4 N5c6 13. e5 Qh6 14. Qd2 f5 15. Rf3 Nxd4 16. cxd4 a5 17. Nc3 c6 18.
Rh3 Qe6 19. Kh1 Kh8 20. Rg1 Qf7 21. Qd3 g6 22. Nb1 Bd8 23. Nd2 Ng8 24. g4 fxg4 25.
Bxg4 Bxg4 26. Rxg4 Ne7 27. Nf3 Qf5 28. Qxf5 Nxf5 29.
Bd2 Kg8 30. Rg1 Be7 31. Kg2 Rf7 32. Kf2 b6 33. Ke2 Ng7 34. Rc1 c5 35. dxc5 bxc5 36. Ng5 Bxg5 37. fxg5 Ne6 38. Rd3 d4 39. Rf3 Rb8 40.
Rxf7 Kxf7 41. Bxa5 Rxb2+ 42. Kd3 Ra2 43. Bb6 Ra3+ 44.
Ke4 Rxa4 45. Bxc5 Nxg5+ 46. Kd5 d3 47. Rf1+ Ke8 48. e6 Nxe6 49. Kxe6 d2 50. Rf8# 1-0

[Event "*** Titled Tuesday Blitz"]
[Site "Chess.com"]
[Date "2020.11.03"]
[Round "2"]
[White "PSvidler"]
[Black "BulletMercenary"]
[Result "1-0"]
[WhiteElo "2890"]
[BlackElo "2423"]
[TimeControl "180+1"]
[EndTime "10:19:09 PST"]
[Termination "PSvidler won on time"]

1. e4 e6 2. d3 d5 3. Nd2 Nf6 4. Ngf3 dxe4 5. dxe4 Bc5 6. Bd3 Qe7 7. O-O e5 8. c3 Bg4 9. h3 Bh5 10. b4 Bb6 11. Qc2 c6 12. Nh4 Nbd7 13. Nf5 Qf8 14. Nc4 Bc7 15. a4 Bg6 16. Nce3 Bxf5 17. Nxf5 h5 18.
a5 g6 19. Ne3 Qg7 20. b5 O-O 21. a6 bxa6 22. bxc6 Nc5 23. Nd5 Nxd5 24. exd5 e4 25. Bc4 Qe5 26. g3 Qf5 27. Be3 Nd3 28. f4 Qxh3 29.
Qg2 Qg4 30. Rad1 Rfe8 31. Bxd3 exd3 32. Rxd3 Rxe3 33. Rxe3 Bb6 34. Re1 Re8 35. Qf2 Rxe3 36. Rxe3 Qd1+ 37. Kh2 Bxe3 38. Qxe3 Qxd5 39. c7 Qd7 40.
Qe5 Qd2+ 41. Kh3 Qd7+ 42. f5 gxf5 43. Kh4 Kh7 44. Kg5 f4 45. Qf5+ 1-0

[Event "*** Titled Tuesday Blitz"]
[Site "Chess.com"]
[Date "2020.11.03"]
[Round "2"]
[White "xberli"]
[Black "SGchess01"]
[Result "0-1"]
[WhiteElo "2546"]
[BlackElo "2843"]
[TimeControl "180+1"]
[EndTime "10:19:10 PST"]
[Termination "SGchess01 won by resignation"]

1. e4 c5 2. Nf3 Nc6 3. d4 cxd4 4. Nxd4 Nf6 5. Nc3 d6 6. Bg5 e6 7. Qd2 a6 8. O-O-O Be7 9. f4 Bd7 10. Kb1 h6 11. Bh4 b5 12. Nxc6 Bxc6 13. Bxf6 gxf6 14. Bd3 Qb6 15. Rhf1 Qc5 16. Rf3 b4 17. Ne2 f5 18.
Qe3 Qxe3 19. Rxe3 fxe4 20. Bxe4 d5 21. Bd3 Bc5 22. Rh3 Ke7 23. c3 a5 24. Nd4 Bd7 25.
Ne2 bxc3 26. Nxc3 Rab8 27. Bc2 Rb4 28. f5 Rhb8 29. b3 Rg4 30. fxe6 fxe6 31. Rxh6 Rxg2 32. Rh7+ Kd8 33. Nxd5 Rg1 34. Rxg1 Bxg1 35. Nf6 Bc6 36. h4 Bd4 37. Ne4 Rb5 38. h5 Re5 39. h6 Rxe4 40. Bxe4 Bxe4+ 0-1

[Event "*** Titled Tuesday Blitz"]
[Site "Chess.com"]
[Date "2020.11.03"]
[Round "2"]
[White "anon481216"]
[Black "Svet99"]
[Result "0-1"]
[WhiteElo "2392"]
[BlackElo "2188"]
[TimeControl "180+1"]
[EndTime "10:19:10 PST"]
[Termination "Svet99 won on time"]

1. d4 Nf6 2. c4 e6 3. Nf3 b6 4. a3 Bb7 5. Nc3 Be7 6. d5 O-O 7.
e4 d6 8. Bd3 e5 9. O-O Nbd7 10. b4 a5 11. Bd2 Nh5 12. g3 g6 13.
Bh6 Ng7 14. Qc2 Nf6 15. Rae1 Ng4 16. Bc1 f5 17. Kg2 Qd7 18. h3 Nf6 19. Bg5 Nxe4 20.
Nxe4 fxe4 21. Bxe4 Rxf3 22. Bxe7 Rxa3 23. Bg5 axb4 24.
Qb1 b3 25. Re3 Ba6 26. Rc1 Qa4 27. Bd3 Ra2 28. Be2 b2 29. Rc2 Rf8 30. Rxb2 Rxb2 31. Qxb2 Bxc4 32. Bf3 Qa5 33. Qc2 Qb5 34. Qd2 Nf5 35.
Rc3 Bf1+ 36. Kh2 Nd4 37. Be4 Be2 0-1